ORI
UNIVERSITY OF OKLAHOMA SOONERS @ FLORIDA STATE UNIVERSITY SEMINOLES
11/17/2045
 
TOP OF THE 1ST
St. Lucie Mets batting - Pitching for Carolina Mudcats : RHP Tony Acevedo
Pitching: RHP Tony Acevedo
Batting: RHB José Molina 0-0: Ball
1-0: Swinging Strike
1-1: Swinging Strike
1-2: Strikes out swinging
Batting: SHB Tomas Caldera 0-0: Called Strike
0-1: Foul Ball, location: 2F
0-2: Ball
1-2: Ball
2-2: DOUBLE (Line Drive, 7LS, EV 90.6 MPH)
Batting: RHB Dave Contreras 0-0: Ball
1-0: Foul Ball, location: 2F
1-1: DOUBLE (Flyball, 8RXD, EV 108.1 MPH)
Tomas Caldera scores
Batting: LHB Chris Pulsipher 0-0: Ball
1-0: Swinging Strike
1-1: Ball
2-1: Ground out 6-3 (Groundball, 6, EV 92.5 MPH)
Batting: LHB Julio Crespo 0-0: Ball
1-0: Called Strike
1-1: Swinging Strike
1-2: Foul Ball, location: 2F
1-2: Ball
2-2: 2-RUN HOME RUN (Flyball, 9D, EV 93.8 MPH), Distance : 372 ft
Batting: RHB Jarne ter Horst 0-0: Called Strike
0-1: Ball
1-1: Swinging Strike
1-2: SINGLE (Groundball, 4M, EV 100.0 MPH) (infield hit)
Batting: RHB Vinny Ramales 0-0: Ball
1-0: Ball
2-0: Fielders Choice at 2nd, 5-4 (Groundball, 5, EV 103.8 MPH)
Top of the 1st over - 3 runs, 4 hits, 0 errors, 1 left on base; St. Lucie 3 - Carolina 0
BOTTOM OF THE 1ST
Carolina Mudcats batting - Pitching for St. Lucie Mets : RHP Dong-choon Park
Pitching: RHP Dong-choon Park
Batting: RHB Andres Falcon 0-0: Ball
1-0: Foul Ball, location: 2F
1-1: Ground out 6-3 (Groundball, 6, EV 86.3 MPH)
Batting: LHB Lílian Codes 0-0: SINGLE (Line Drive, 6D, EV 95.0 MPH)
Batting: RHB Jason Andrews 0-0: Ball
1-0: Foul Ball, location: 2F
1-1: Ball
2-1: Fielders Choice at 2nd, 3-6 (Groundball, 3, EV 81.3 MPH)
Batting: SHB Elijah Jackson 0-0: Ball
1-0: Ball
2-0: Called Strike
2-1: Foul Ball, location: 2F
2-2: Strikes out swinging
Bottom of the 1st over - 0 runs, 1 hit, 0 errors, 1 left on base; St. Lucie 3 - Carolina 0
TOP OF THE 2ND
St. Lucie Mets batting - Pitching for Carolina Mudcats : RHP Tony Acevedo
Batting: RHB Erick Aguila 0-0: Ball
1-0: Called Strike
1-1: Ball
2-1: SINGLE (Groundball, 6MD, EV 95.6 MPH)
Batting: RHB Dong-choon Park 0-0: Sac Bunt to 13S - play at first, batter OUT! 1-4
Erick Aguila to second
Batting: RHB José Molina 0-0: Called Strike
0-1: Foul Ball, location: 2F
0-2: Ball
1-2: SINGLE (Line Drive, 89S, EV 101.9 MPH)
Erick Aguila to third
Batting: SHB Tomas Caldera 0-0: Called Strike
0-1: Swinging Strike
0-2: Ball
1-2: Ball
2-2: Ball
3-2: Fielders Choice at 2nd, 6-4 (Groundball, 6, EV 82.5 MPH)
Erick Aguila scores
Batting: RHB Dave Contreras 0-0: Called Strike
Tomas Caldera steals 2nd base
0-1: Ball
1-1: Ball
2-1: Ball
3-1: Foul Ball, location: 2F
3-2: 2-RUN HOME RUN (Flyball, 7D, EV 104.4 MPH) (Inside the Park)
Batting: LHB Chris Pulsipher 0-0: Foul Ball, location: 2F
0-1: Ball
1-1: Foul Ball, location: 2F
1-2: Strikes out swinging
Top of the 2nd over - 3 runs, 3 hits, 0 errors, 0 left on base; St. Lucie 6 - Carolina 0
BOTTOM OF THE 2ND
Carolina Mudcats batting - Pitching for St. Lucie Mets : RHP Dong-choon Park
Batting: LHB Arvid Valk 0-0: Ball
1-0: Ground out 6-3 (Groundball, 6M, EV 101.3 MPH)
Batting: RHB Jose Restrepo 0-0: Ground out 4-3 (Groundball, 4, EV 113.8 MPH)
Batting: RHB Juan Montijo 0-0: Ball
1-0: Ball
2-0: Foul Ball, location: 2F
2-1: Ground out U3 (Groundball, 34S, EV 84.4 MPH)
Bottom of the 2nd over - 0 runs, 0 hits, 0 errors, 0 left on base; St. Lucie 6 - Carolina 0
TOP OF THE 3RD
St. Lucie Mets batting - Pitching for Carolina Mudcats : RHP Tony Acevedo
Batting: LHB Julio Crespo 0-0: Ball
1-0: Swinging Strike
1-1: Foul Ball, location: 2F
1-2: Ball
2-2: Foul Ball, location: 2F
2-2: Ball
3-2: Ground out U3 (Groundball, 3, EV 104.4 MPH)
Batting: RHB Jarne ter Horst 0-0: Called Strike
0-1: Ball
1-1: Ball
2-1: Ball
3-1: Base on Balls
Pitching: RHP Alex Chipres
Batting: RHB Vinny Ramales 0-0: Ball
1-0: Fly out, F7 (Line Drive, 7, EV 91.9 MPH)
Batting: RHB Erick Aguila 0-0: Swinging Strike
0-1: Ball
1-1: Ball
2-1: Ball
3-1: Fly out, F7 (Flyball, 7S, EV 78.1 MPH)
Top of the 3rd over - 0 runs, 0 hits, 0 errors, 1 left on base; St. Lucie 6 - Carolina 0
BOTTOM OF THE 3RD
Carolina Mudcats batting - Pitching for St. Lucie Mets : RHP Dong-choon Park
Batting: RHB Valentyn Inverno 0-0: Foul Ball, location: 2F
0-1: Foul Ball, location: 2F
0-2: SINGLE (Groundball, 6MD, EV 101.3 MPH)
Batting: SHB Alex Chipres 0-0: Bunted foul
0-1: Ball
1-1: Bunted foul
1-2: Bunt missed, Strikeout!
Batting: RHB Andres Falcon 0-0: Called Strike
0-1: Fielders Choice at 2nd, 1-4 (Groundball, 25, EV 69.4 MPH)
Batting: LHB Lílian Codes 0-0: Ball
1-0: Fly out, F9 (Flyball, 9S, EV 84.4 MPH)
Bottom of the 3rd over - 0 runs, 1 hit, 0 errors, 1 left on base; St. Lucie 6 - Carolina 0
TOP OF THE 4TH
St. Lucie Mets batting - Pitching for Carolina Mudcats : RHP Alex Chipres
Batting: RHB Dong-choon Park 0-0: Called Strike
0-1: Ball
1-1: Foul Ball, location: 2F
1-2: Ball
2-2: Foul Ball, location: 2F
2-2: Ball
3-2: Foul Ball, location: 2F
3-2: DOUBLE (Line Drive, 89XD, EV 107.5 MPH)
Batting: RHB José Molina 0-0: Ball
1-0: Fly out, F8 (Flyball, 8RXD, EV 95.0 MPH)
Runner from 2nd tags up, SAFE at 3rd, no throw by CF
Batting: SHB Tomas Caldera 0-0: Foul Ball, location: 2F
0-1: Fly out, F7 (Flyball, 78M, EV 86.3 MPH)
Runner from 3rd tags up, SCORES, throw by LF
Batting: RHB Dave Contreras 0-0: Ball
1-0: Ball
2-0: Fly out, F8 (Line Drive, 8RD, EV 90.6 MPH)
Top of the 4th over - 1 run, 1 hit, 0 errors, 0 left on base; St. Lucie 7 - Carolina 0
BOTTOM OF THE 4TH
Carolina Mudcats batting - Pitching for St. Lucie Mets : RHP Dong-choon Park
Batting: RHB Jason Andrews 0-0: Called Strike
0-1: Foul Ball, location: 2F
0-2: Foul Ball, location: 2F
0-2: Ball
1-2: Strikes out swinging
Batting: SHB Elijah Jackson 0-0: Called Strike
0-1: Ball
1-1: Ball
2-1: Ball
3-1: DOUBLE (Groundball, 3L, EV 102.5 MPH)
Batting: LHB Arvid Valk 0-0: Called Strike
0-1: Ball
1-1: Ball
2-1: Swinging Strike
2-2: Foul Ball, location: 2F
2-2: Strikes out swinging, 2-3 out at first.
Batting: RHB Jose Restrepo 0-0: Ball
1-0: Ground out 6-3 (Groundball, 6, EV 83.1 MPH)
Bottom of the 4th over - 0 runs, 1 hit, 0 errors, 1 left on base; St. Lucie 7 - Carolina 0
TOP OF THE 5TH
St. Lucie Mets batting - Pitching for Carolina Mudcats : RHP Alex Chipres
Batting: LHB Chris Pulsipher 0-0: SINGLE (Flyball, 34D, EV 90.0 MPH)
Batting: LHB Julio Crespo 0-0: Foul Ball, location: 2F
0-1: SINGLE (Line Drive, 5D, EV 100.6 MPH)
Chris Pulsipher to second
Batting: RHB Jarne ter Horst 0-0: Foul Ball, location: 2F
0-1: SINGLE (Groundball, 5S, EV 68.8 MPH) (infield hit)
Chris Pulsipher to third
Julio Crespo to second
Batting: RHB Vinny Ramales 0-0: Ball
1-0: Ball
2-0: Ball
3-0: Called Strike
3-1: Grounds into double play, 5-4-3 (Groundball, 56S, EV 90.6 MPH)
Chris Pulsipher scores
Julio Crespo to third
Batting: RHB Erick Aguila 0-0: Ball
1-0: Foul Ball, location: 2F
1-1: Foul Ball, location: 2F
1-2: Ball
2-2: Foul Ball, location: 2F
2-2: Foul Ball, location: 2F
2-2: Foul Ball, location: 2F
2-2: Fly out, F8 (Flyball, 8LD, EV 94.4 MPH)
Top of the 5th over - 1 run, 3 hits, 0 errors, 1 left on base; St. Lucie 8 - Carolina 0
BOTTOM OF THE 5TH
Carolina Mudcats batting - Pitching for St. Lucie Mets : RHP Dong-choon Park
Batting: RHB Juan Montijo 0-0: Called Strike
0-1: Fly out, F7 (Flyball, 7LM, EV 83.8 MPH)
Batting: RHB Valentyn Inverno 0-0: SINGLE (Groundball, 6MD, EV 99.4 MPH)
Batting: SHB Alex Chipres 0-0: Bunted foul
0-1: Bunted foul
0-2: Ball
1-2: Sac Bunt to 23 - play at first, batter OUT! 3-4
Valentyn Inverno to second
Batting: RHB Andres Falcon 0-0: Called Strike
0-1: Ball
1-1: Fly out, F7 (Flyball, 78S, EV 93.1 MPH)
Bottom of the 5th over - 0 runs, 1 hit, 0 errors, 1 left on base; St. Lucie 8 - Carolina 0
TOP OF THE 6TH
St. Lucie Mets batting - Pitching for Carolina Mudcats : RHP Alex Chipres
Batting: RHB Dong-choon Park 0-0: Ball
1-0: Ball
2-0: Ball
3-0: Called Strike
3-1: Base on Balls
Pitching: LHP David Barrera
Batting: RHB José Molina 0-0: Ball
1-0: Ball
2-0: Called Strike
2-1: Foul Ball, location: 2F
2-2: Strikes out swinging
Batting: SHB Tomas Caldera 0-0: Ball
1-0: Ball
2-0: Called Strike
2-1: Called Strike
2-2: Ball
3-2: Grounds into double play, 5-4-3 (Groundball, 56S, EV 81.3 MPH)
Top of the 6th over - 0 runs, 0 hits, 0 errors, 0 left on base; St. Lucie 8 - Carolina 0
BOTTOM OF THE 6TH
Carolina Mudcats batting - Pitching for St. Lucie Mets : RHP Dong-choon Park
Batting: LHB Lílian Codes 0-0: Ground out 3-1 (Groundball, 34S, EV 62.5 MPH)
Batting: RHB Jason Andrews 0-0: Ball
1-0: Ball
2-0: Foul Ball, location: 2F
2-1: Ground out 1-3 (Groundball, 13S, EV 63.8 MPH)
Batting: SHB Elijah Jackson 0-0: Swinging Strike
0-1: Ball
1-1: Foul Ball, location: 2F
1-2: Foul Ball, location: 2F
1-2: Foul Ball, location: 2F
1-2: Foul Ball, location: 2F
1-2: Ball
2-2: Fly out, F8 (Flyball, 89S, EV 92.5 MPH)
Bottom of the 6th over - 0 runs, 0 hits, 0 errors, 0 left on base; St. Lucie 8 - Carolina 0
TOP OF THE 7TH
St. Lucie Mets batting - Pitching for Carolina Mudcats : LHP David Barrera
Pinch Hitting: RHB Hector Ayala 0-0: Ball
1-0: Called Strike
1-1: Called Strike
1-2: Ball
2-2: Ball
3-2: Ground out 1-3 (Groundball, 13S, EV 68.1 MPH)
Pinch Hitting: RHB Matt Weeks 0-0: Called Strike
0-1: Swinging Strike
0-2: Ground out 4-3 (Groundball, 4, EV 85.0 MPH)
Pinch Hitting: LHB Bob Aguilar 0-0: Called Strike
0-1: Ball
1-1: Ball
2-1: Called Strike
2-2: DOUBLE (Groundball, 3L, EV 98.1 MPH)
Batting: RHB Jarne ter Horst 0-0: Ball
1-0: Ball
2-0: Called Strike
2-1: Foul Ball, location: 2F
2-2: Hit by Pitch
Batting: RHB Vinny Ramales 0-0: Foul Ball, location: 2F
0-1: Called Strike
0-2: Fielders Choice at 2nd, 5-4 (Groundball, 56, EV 86.3 MPH)
Top of the 7th over - 0 runs, 1 hit, 0 errors, 2 left on base; St. Lucie 8 - Carolina 0
BOTTOM OF THE 7TH
Carolina Mudcats batting - Pitching for St. Lucie Mets : RHP Dong-choon Park
Now at 1B: Matt Weeks
Now at SS: Antenor Malva
Now in RF: Hector Ayala
Pinch Hitting: RHB Jesse Villa 0-0: Ball
1-0: Ground out 6-3 (Groundball, 6, EV 100.6 MPH)
Batting: RHB Jose Restrepo 0-0: Ball
1-0: Swinging Strike
1-1: Foul Ball, location: 2F
1-2: Strikes out swinging
Batting: RHB Juan Montijo 0-0: Ball
1-0: DOUBLE (Line Drive, 78D, EV 105.6 MPH)
Batting: RHB Valentyn Inverno 0-0: Fly out, F3 (Flyball, 3D, EV 93.1 MPH)
Bottom of the 7th over - 0 runs, 1 hit, 0 errors, 1 left on base; St. Lucie 8 - Carolina 0
TOP OF THE 8TH
St. Lucie Mets batting - Pitching for Carolina Mudcats : LHP David Barrera
Now at 1B: Joey Arboleda
Batting: RHB Erick Aguila 0-0: Called Strike
0-1: Called Strike
0-2: Ball
1-2: Ball
2-2: Ball
3-2: Ground out 5-3 (Groundball, 56, EV 89.4 MPH)
Batting: RHB Dong-choon Park 0-0: Called Strike
0-1: Ball
1-1: Called Strike
1-2: Ball
2-2: SINGLE (Groundball, 4MD, EV 110.6 MPH)
Pitching: LHP Sam Toope
Pinch Hitting: RHB Antonio Cacheiro 0-0: Foul Ball, location: 2F
0-1: Ball
1-1: Ball
2-1: Grounds into double play, 5-4-3 (Groundball, 5L, EV 84.4 MPH)
Top of the 8th over - 0 runs, 1 hit, 0 errors, 0 left on base; St. Lucie 8 - Carolina 0
BOTTOM OF THE 8TH
Carolina Mudcats batting - Pitching for St. Lucie Mets : RHP Dong-choon Park
Now at 1B: Antonio Cacheiro
Pinch Hitting: RHB Teruo Nakayama 0-0: Foul Ball, location: 2F
0-1: Swinging Strike
0-2: Strikes out swinging
Batting: RHB Andres Falcon 0-0: Foul Ball, location: 2F
0-1: Ground out 5-3 (Groundball, 56S, EV 81.9 MPH)
Batting: LHB Lílian Codes 0-0: Called Strike
0-1: Called Strike
0-2: Strikes out swinging
Bottom of the 8th over - 0 runs, 0 hits, 0 errors, 0 left on base; St. Lucie 8 - Carolina 0
TOP OF THE 9TH
St. Lucie Mets batting - Pitching for Carolina Mudcats : LHP Sam Toope
Pitching: RHP O.D. Claussen
Pinch Hitting: RHB Brad Forman 0-0: Swinging Strike
0-1: Ball
1-1: Ball
2-1: Ground out 1-3 (Groundball, P, EV 68.8 MPH)
Batting: RHB Hector Ayala 0-0: Called Strike
0-1: Ball
1-1: Swinging Strike
1-2: Strikes out looking
Batting: RHB Matt Weeks 0-0: Ball
1-0: Ball
2-0: Foul Ball, location: 2F
2-1: Ball
3-1: Base on Balls
Batting: RHB Antenor Malva 0-0: Called Strike
0-1: Called Strike
0-2: Ball
1-2: Ball
2-2: Ball
3-2: Fly out, F5 (Popup, 5SF, EV 80.6 MPH)
Top of the 9th over - 0 runs, 0 hits, 0 errors, 1 left on base; St. Lucie 8 - Carolina 0
BOTTOM OF THE 9TH
Carolina Mudcats batting - Pitching for St. Lucie Mets : RHP Dong-choon Park
Now at 3B: Brad Forman
Batting: RHB Jason Andrews 0-0: Called Strike
0-1: Ground out 4-3 (Groundball, 4S, EV 71.3 MPH)
Batting: SHB Elijah Jackson 0-0: Fly out, F9 (Flyball, 9, EV 88.8 MPH)
Batting: RHB Joey Arboleda 0-0: Foul Ball, location: 2F
0-1: Foul Ball, location: 2F
0-2: Ball
1-2: Foul Ball, location: 2F
1-2: Ball
2-2: Foul Ball, location: 2F
2-2: Foul Ball, location: 2F
2-2: Ground out 6-3 (Groundball, 6, EV 101.9 MPH)
Bottom of the 9th over - 0 runs, 0 hits, 0 errors, 0 left on base; St. Lucie 8 - Carolina 0
Wednesday, June 22nd , 2022 - OOTP Baseball 23.4 Build 64